 Dungeon Crawl Stone Soup version 0.30-a0-800-g7c544603b3 (webtiles) character file.

Game seed: 13424713121870925793

5964 holysushi the Gouger (level 10, -2/44 HPs)
             Began as a Felid Monk on Feb 22, 2023.
             Was the Champion of Zin.
             Slain by a yak (17 damage)
             ... on level 9 of the Dungeon.
             The game lasted 00:33:32 (11912 turns).

holysushi the Gouger (Felid Monk)                  Turns: 11912, Time: 00:33:32

Health: -2/44      AC:  2    Str:  7    XL:     10   Next: 54%
Magic:  15/15      EV: 33    Int: 11    God:    Zin [******]
Gold:   646        SH:  0    Dex: 30    Spells: 8/11 levels left
                                        Lives:  0   Deaths: 3

rFire   . . .      SeeInvis +      - Unarmed
rCold   . . .      Faith    +    (shield unavailable)
rNeg    . . .      Spirit   .    (body armour unavailable)
rPois   +          Reflect  .    (helmet unavailable)
rElec   .          Harm     .    (cloak unavailable)
rCorr   .          Rampage  .    (gloves unavailable)
Will    +....                    (boots unavailable)
Stlth   +++++                    o - amulet of faith
HPRegen 0.27/turn                j - +6 ring of dexterity
MPRegen 0.14/turn                g - ring of poison resistance

@: quick
A: very small, claws 1, fangs 3, see invisible, speed 1, shaggy fur 2, stealthy
paws, no weapons or thrown items, no armour, multi-lived
a: Renounce Religion, Recite, Vitalisation, Imprison, Sanctuary, Donate Gold


You were on level 9 of the Dungeon.
You worshipped Zin.
Zin was exalted by your worship.
You visited 2 branches of the dungeon, and saw 12 of its levels.
You also visited: Bailey.

You collected 717 gold pieces.
You donated 71 gold pieces to Zin.

Inventory:

Jewellery
 b - a ring of positive energy
 g - a ring of poison resistance (right paw)
 j - a +6 ring of dexterity (left paw)
 k - a ring of fire
 l - an amulet of reflection
 o - an amulet of faith (around neck)
 q - a ring of flight
Scrolls
 c - a scroll of silence
 i - 3 scrolls of teleportation
 r - a scroll of amnesia
 t - 3 scrolls of immolation
 u - a scroll of magic mapping
 x - 4 scrolls of identify
Potions
 a - a potion of ambrosia
 d - a potion of magic
 e - 5 potions of curing
 f - 2 potions of attraction
 h - a potion of brilliance {unknown}
 m - a potion of might
 n - a potion of invisibility
 p - 2 potions of mutation
 s - 2 potions of resistance
 w - a potion of flight


   Skills:
 + Level 5.5 Fighting
 - Level 12.0 Dodging
 - Level 10.0 Stealth
 - Level 12.5 Unarmed Combat
 - Level 1.0 Spellcasting
 - Level 6.0 Hexes
 - Level 6.0 Invocations


You had 8 spell levels left.
You knew the following spells:

 Your Spells              Type           Power      Damage    Failure   Level
a - Confusing Touch       Hex            13%        N/A       9%          3

Your spell library contained the following spells:

 Spells                   Type           Power      Damage    Failure   Level
 Freeze                   Ice            0%         1d3       32%         1
 Kiss of Death            Conj/Necr      0%         2d5       32%         1
 Cigotuvi's Dreadful Rot  Necr/Pois/Air  0%         N/A       43%         2
 Poisonous Vapours        Pois/Air       0%         N/A       43%         2
 Static Discharge         Conj/Air       0%         2-2/arc   43%         2
 Frozen Ramparts          Ice            0%         1d1       67%         3
 Hailstorm                Conj/Ice       0%         3d3       67%         3
 Kindle Blastsparks       Fire/Tloc/Air  0%         2d10      67%         3
 Mephitic Cloud           Conj/Pois/Air  0%         N/A       67%         3
 Vhi's Electric Charge    Tloc/Air       0%         N/A       67%         3
 Fulminant Prism          Conj/Hex       3%         3d5       67%         4
 Dispel Undead            Necr           0%         3d6       97%         4
 Iskenderun's Mystic Bla  Conj/Tloc      0%         2d3       97%         4
 Arcjolt                  Conj/Air       0%         1d10      100%        5
 Lee's Rapid Deconstruct  Erth           0%         3d4*      100%        5
 Lightning Bolt           Conj/Air       0%         1d11      100%        5
 Summon Forest            Summ/Tloc      0%         N/A       100%        5
 Eringya's Noxious Bog    Tmut/Pois      0%         N/A       100%        6
 Summon Hydra             Summ           0%         N/A       100%        7


Dungeon Overview and Level Annotations

Branches:
Dungeon (11/15) Zot: 25735  Temple (1/1) D:5 Zot: 5476    Lair (0/5) D:8
    Orc (0/2) D:9          Bailey (visited)

Altars:
Ashenzari
Cheibriados
Dithmenos
Elyvilon
Fedhas
Gozag
Hepliaklqana
Kikubaaqudgha
Makhleb
Nemelex Xobeh
Okawaru
Qazlal
Ru
Sif Muna
Trog
Uskayaw
Vehumet
Wu Jian
Xom
Yredelemnul
Zin
The Shining One
Jiyva

Annotations:
D:4 Dowan, Duvessa
D:5 3 runed translucent doors, Esekla's ghost, weakling OpDe
D:7 2 transporters, tarna41's ghost, novice MiBe
D:8 3 runed translucent doors, 2 exclusions, FacelessVoid's ghost, novice MiMo
D:9 2 exclusions


Innate Abilities, Weirdness & Mutations

You have sharp claws.
You have razor-sharp teeth.
You have supernaturally acute eyesight. (SInv)
You cover ground quickly. (Speed+)
You are covered in thick fur. (AC +2)
Your paws help you pounce on unaware monsters.
You are incapable of wielding weapons or throwing items.
You cannot wear armour.
You gain extra lives every three experience levels.


Message History

You claw the yak!
The yak is heavily wounded.
A two-headed ogre comes into view.
It is wielding a +0 giant club and a +0 giant spiked club.
The yak misses you.
There is a stone staircase leading up here.
The yak completely misses you.
You climb upwards.
Level annotation: 2 exclusions
There is a stone staircase leading down here.
You scratch the yak.
The yak is lightly wounded.
The yak closely misses you.
You claw the yak! You claw the yak.
The yak is heavily wounded.
The yak barely misses you.
You claw the yak! You claw the yak.
The yak is almost dead.
You closely miss the yak.
The yak is almost dead.
The yak closely misses you.
You claw the yak!
You kill the yak!
No target in view!
You see here a yak corpse.
No target in view!
There is a stone staircase leading down here.
You start waiting.
Done waiting.
You climb downwards.
The yak misses you. The yak gores you! The yak misses you.
The yak completely misses you. x4
There is a stone staircase leading up, spattered with blood here.
The yak completely misses you. The yak gores you! x2
* * * LOW HITPOINT WARNING * * *
The yak completely misses you.
You climb upwards.
Level annotation: 2 exclusions
There is a stone staircase leading down here.
The yak barely misses you. The yak gores you!
You die...

#)............#### ♣♣~♣♣...
#.............# ♣.P♣♣♣.
#.............##♣♣♣♣♣♣S♣♣ ♣♣
#...........>†..♣~~.♣.~.♣♣♣~
#.............#..~~...~~~~~.
#(.........Y..##♣♣.♣~~~.♣♣♣~
#..........Y..# ♣♣♣♣~.~♣ ♣♣
#.........YY..# ♣.♣♣~♣♣♣♣.
#..........@..#####.♣♣~♣♣♣..
##########.........♣♣P~~♣##.
#..........♣♣.~♣ #.
#..............# #.
#..............# #.
#......####.##.# #.
################.####.##.# #.
#............##P~..~..##.###.
#............#~P~~P~P........


You could see 4 yaks.

Vanquished Creatures
  Harold (D:9)
  A two-headed ogre (D:7)
  Amaemon (D:6)
  Joseph (D:8)
  A gargoyle (Bailey)
  Maggie (D:8)
  An orange demon (D:7)
  An unseen horror zombie (D:7)
  Psyche (D:8)
  2 trolls
  Grinder (D:4)
  A hornet (D:8)
  Sigmund (D:2)
  A vampire (Bailey)
  A shadow (D:9)
  10 yaks
  5 steam dragons
  2 acid dragons (D:8)
  4 orc warriors (D:9)
  2 sky beasts (D:8)
  3 ice beasts
  3 wolves
  2 centaurs (D:8)
  5 bullfrogs
  2 scorpions (D:5)
  3 necrophages
  14 wights
  7 killer bees
  7 vampire bats (Bailey)
  8 howler monkeys
  9 wolf zombies (Bailey)
  A centaur zombie (D:7)
  4 jellies
  8 hounds
  A human zombie (D:7)
  3 orc priests
  Jessica (D:3)
  2 iguanas
  14 orc wizards
  2 killer bee zombies (D:7)
  A mummy (D:7)
  Robin (D:2)
  4 adders
  2 shadow imps
  2 white imps
  2 ufetubi
  2 worms
  46 orcs
  6 ball pythons
  2 endoplasms
  3 giant cockroaches
  19 goblins
  9 hobgoblins
  6 jackals (D:1)
  3 quokkas
  5 bats
  3 frilled lizards
  5 kobolds
  14 orc zombies (Bailey)
  6 rats
279 creatures vanquished.

Vanquished Creatures (others)
  2 orcs
  A fungus (D:2)
  64 plants (D:9)
67 creatures vanquished.

Grand Total: 346 creatures vanquished

Notes
Turn   | Place    | Note
-------+----------+-------------------------------------------
     0 | D:1      | holysushi the Felid Monk began the quest for the Orb.
     0 | D:1      | Reached XP level 1. HP: 10/10 MP: 2/2
   350 | D:1      | Reached XP level 2. HP: 14/14 MP: 3/3
  1052 | D:2      | Noticed Sigmund
  1061 | D:2      | Killed Sigmund
  1062 | D:2      | Reached XP level 3. HP: 3/17 MP: 4/4
  1062 | D:2      | Reached XP level 4. HP: 4/21 MP: 5/5
  1062 | D:2      | Reached XP level 5. HP: 5/24 MP: 6/6
  1410 | D:2      | Learned a level 3 spell: Confusing Touch
  1415 | D:2      | Found a faded altar of an unknown god.
  1544 | D:3      | Noticed Jessica
  1550 | D:3      | Killed Jessica
  1551 | D:3      | Reached skill level 1 in Hexes
  1558 | D:3      | Noticed Robin
  1647 | D:2      | Killed Robin
  1862 | D:3      | Gained mutation: You are covered in thick fur. (AC +2)
                  | [Felid growth]
  1862 | D:3      | Reached XP level 6. HP: 28/28 MP: 7/7
  2417 | D:4      | Noticed Grinder
  2424 | D:5      | Entered Level 5 of the Dungeon
  2652 | D:5      | Reached skill level 5 in Dodging
  2652 | D:5      | Reached skill level 1 in Spellcasting
  2668 | D:4      | Paralysed by Grinder for 4 turns
  2680 | D:4      | Killed Grinder
  2681 | D:4      | Reached XP level 7. HP: 17/31 MP: 9/9
  3113 | D:4      | Noticed Duvessa
  3118 | D:4      | Noticed Dowan
  3181 | D:5      | Found a runed translucent gate.
  3181 | D:5      | Found a runed translucent gate.
  3182 | D:5      | Found a runed translucent gate.
  3184 | D:5      | Found an opulent altar of Gozag.
  3184 | D:5      | Noticed a two-headed ogre
  3255 | D:5      | Found a staircase to the Ecumenical Temple.
  3286 | Temple   | Entered the Ecumenical Temple
  3830 | Temple   | Became a worshipper of Zin the Law-Giver
  3830 | Temple   | Reached * piety under Zin
  3830 | Temple   | Reached ** piety under Zin
  3830 | Temple   | Reached *** piety under Zin
  3890 | D:5      | Reached skill level 1 in Invocations
  4002 | D:5      | Noticed Esekla's ghost (weakling OpDe)
  4623 | D:6      | Noticed a steam dragon
  4629 | D:6      | Killed a steam dragon
  4630 | D:6      | Reached XP level 8. HP: 34/34 MP: 10/10
  4740 | D:6      | Reached **** piety under Zin
  5057 | D:6      | Reached skill level 5 in Stealth
  5743 | D:7      | Noticed a two-headed ogre
  5745 | D:7      | Noticed a troll
  5745 | D:7      | Noticed tarna41's ghost (novice MiBe)
  5818 | D:7      | Noticed a gargoyle
  5831 | D:7      | Noticed a troll
  5840 | D:7      | Found a transporter.
  5845 | D:7      | Found a transporter.
  6009 | D:7      | Engulfed by a steam dragon's steam
  6010 | D:7      | Reached XP level 7. HP: -8/31 MP: 11/11
  6037 | D:6      | Reached XP level 8. HP: 34/34 MP: 12/12
  6292 | D:7      | Found an ancient bone altar of Kikubaaqudgha.
  6644 | D:8      | Noticed Maggie
  6650 | D:8      | Noticed Psyche
  6672 | D:8      | Found a flagged portal.
  6698 | Bailey   | Entered a bailey
  6829 | Bailey   | Reached ***** piety under Zin
  6840 | Bailey   | Noticed a gargoyle
  6898 | Bailey   | Reached XP level 9. HP: 36/37 MP: 13/13
  6918 | Bailey   | Killed a gargoyle
  6918 | Bailey   | HP: 1/37 [wolf zombie (5)]
  6919 | Bailey   | Reached skill level 10 in Unarmed Combat
  6959 | Bailey   | Slain by a wolf zombie
  6960 | Bailey   | Reached XP level 8. HP: 0/34 MP: 12/12
  7011 | Bailey   | Reached skill level 10 in Dodging
  7480 | D:8      | Reached XP level 9. HP: 38/38 MP: 6/13
  7509 | D:8      | Noticed a troll
  7579 | D:8      | Killed Maggie
  7635 | D:8      | Killed Psyche
  7636 | D:8      | Reached skill level 5 in Hexes
  7654 | D:8      | Noticed Amaemon
  7771 | D:8      | Noticed an orange demon
  7920 | D:6      | Killed Amaemon
  7999 | D:8      | Noticed Joseph
  8016 | D:7      | Killed an orange demon
  8017 | D:7      | Reached skill level 5 in Invocations
  8183 | D:7      | Killed a troll
  8321 | D:8      | Reached XP level 10. HP: 42/42 MP: 8/14
  8924 | D:8      | Killed Joseph
  9067 | D:8      | Noticed a two-headed ogre
  9250 | D:7      | Killed a two-headed ogre
  9610 | D:9      | You fall into a shaft and drop 2 floors!
  9682 | D:10     | Entered Level 10 of the Dungeon
  9846 | D:8      | Found a runed translucent gate.
  9846 | D:8      | Found a runed translucent gate.
  9846 | D:8      | Found a runed translucent gate.
 10089 | D:8      | Noticed FacelessVoid's ghost (novice MiMo)
 10093 | D:8      | Found a viscous altar of Jiyva.
 10179 | D:8      | Reached ****** piety under Zin
 10233 | D:8      | Found a staircase to the Lair.
 10470 | D:9      | Reached XP level 11. HP: 34/46 MP: 6/16
 10485 | D:9      | Slain by a troll
 10486 | D:9      | Reached XP level 10. HP: -5/42 MP: 2/15
 10963 | D:9      | Found a staircase to the Orcish Mines.
 11047 | D:9      | Noticed Harold
 11104 | D:9      | Killed Harold
 11105 | D:9      | Reached skill level 5 in Fighting
 11105 | D:9      | Reached skill level 10 in Stealth
 11792 | D:10     | Noticed a two-headed ogre
 11912 | D:9      | Slain by a yak

Illustrated notes

Levels and vault maps discovered:
D:1:      scummos_arrival_star, layout_basic, corexii_item_surrounded_by_moat,
          minmay_misc_feat_diagonals
D:2:      layout_loops_ring, shapermc_ecumenical_altar_ellora,
          minmay_misc_feat_tower, uniq_sigmund
D:3:      layout_loops_ring, grunt_ministairs_4, uniq_jessica, uniq_robin
D:4:      layout_loops_ring, kennysheep_generic_room_16, uniq_grinder,
          uniq_crazy_yiuf_cottage, uniq_duvessa
D:5:      layout_rooms, temple_doors_e, ebering_ghost_gozag, wad_floor_pattern_1
D:6:      layout_basic, nicolae_eternal_life
D:7:      layout_cave_pools, lemuel_mausoleum_altar_kikubaaqudgha,
          nzn_ghost_randoct, kennysheep_pointless_box
D:8:      layout_rooms, erik_lair_island, enter_bailey_5, gammafunk_ghost_ooze,
          kennysheep_kite_vault, uniq_joseph, uniq_psyche, uniq_maggie,
          uniq_amaemon
D:9:      layout_basic, david_orc_4, serial_bayou, serial_bayou_lagoon_a,
          serial_bayou_crossing, serial_bayou_pond_c, serial_bayou_pond_c,
          uniq_harold
D:10:     layout_layer_cave, gammafunk_ghost_cemetery,
          small_statue_intersection, uniq_sonja
D:11:     layout_rooms
Temple:   compressed_dpeg_triangle_lava_temple

Skill      XL: |  1  2  3  4  5  6  7  8  9 10 |
---------------+-------------------------------+-----
Unarmed Combat | 6 7 9 11 12 | 12.5
Hexes          | 1 3 4 6 |  6.0
Dodging        | 5 6 10 9 12 | 12.0
Spellcasting   | 1 |  1.0
Invocations    | 2 4 5 6 |  6.0
Stealth        | 3 7 10 | 10.0
Fighting       | 4 5 |  5.5

Action                     |  1- 3 |  4- 6 |  7- 9 | 10-12 || total
---------------------------+-------+-------+-------+-------++-------
  Melee: Unarmed           |    68 |   116 |   504 |   301 ||   989
         Bite              |     5 |     6 |    67 |    33 ||   111
         Punch             |       |     4 |    41 |    46 ||    91
   Cast: Confusing Touch   |       |       |     8 |    24 ||    32
 Invoke: Recite            |       |       |    34 |    27 ||    61
         Vitalisation      |       |       |     6 |     1 ||     7
  Evoke: Wand              |       |       |     4 |       ||     4
    Use: Scroll            |       |    10 |     8 |     2 ||    20
         Potion            |       |     2 |    11 |     1 ||    14
   Stab: Sleeping          |     6 |     5 |    16 |     3 ||    30
         Distracted        |       |       |     2 |     2 ||     4
         Invisible         |       |       |     9 |     2 ||    11
         Confused          |       |       |     9 |    24 ||    33
         Paralysed         |       |       |     3 |     2 ||     5
 Armour: Skin              |     1 |     4 |    15 |     2 ||    22
  Dodge: Dodged            |    52 |    73 |   684 |   291 ||  1100

Table legend: (Time is in decaauts)
 A = Elapsed time spent in this place.
 B = Non-inter-level travel time spent in this place.
 C = Inter-level travel time spent in this place.
 D = Time resting spent in this place.
 E = Time spent auto-exploring this place.
 F = Levels seen in this place.
 G = Mean time per level.
                   A        B        C        D        E       F      G
               +--------+--------+--------+--------+--------+-----+--------+
         Total |  10343 |   9994 |    349 |   2142 |   4558 |  13 |  795.6 |
       Dungeon |   9293 |   8944 |    349 |   1997 |   4121 |  11 |  844.8 |
        Temple |    523 |    523 |      0 |     74 |    381 |   1 |  523.0 |
        Bailey |    527 |    527 |      0 |     70 |     55 |   1 |  527.0 |
               +--------+--------+--------+--------+--------+-----+--------+

Top non-repeatable levels by time:
     D:7: 1837 daAuts
     D:9: 1446 daAuts
     D:8: 1350 daAuts
     D:6: 1242 daAuts
     D:2: 695 daAuts
     D:5: 682 daAuts
     D:4: 663 daAuts
     D:3: 651 daAuts
     D:1: 625 daAuts
  Bailey: 527 daAuts
  Temple: 523 daAuts
    D:11: 59 daAuts
    D:10: 37 daAuts
